Map: 16 bits EC

Players

AlChemyst - Winner!

  • Race: Zerg Zerg
  • League: Platinum
  • Spawn Location: 1:00

HoldTheDoor

  • Race: Protoss Protoss
  • League: Diamond
  • Spawn Location: 7:00

VOD

Have the link to the VOD?

Description

Time

  • Played on: July 15, 2018, 11:54 a.m.
  • Length: 10:46
Show
View Real Time Build Order
Export as new Build Order

AlChemyst Zerg - Winner!

Build Orders: Hatch First 

Get SALT Encoding   

  12  0:01  Drone  
  13  0:08  Drone  
  14  0:27  Overlord  
  14  0:49  Hatchery  
  13  0:57  Drone x2  
  14  0:59  Drone  
  16  1:21  Spawning Pool  
  16  1:24  Drone x2  
  17  1:32  Drone  
  18  1:48  Drone  
  18  1:53  Drone  
  20  2:02  Extractor  
  20  2:03  Drone  
  20  2:05  Drone  
  21  2:09  Queen x2  
  21  2:12  Drone  
  21  2:15  Overlord  
  26  2:23  Drone  
  26  2:27  Overlord  
  27  2:36  Overlord  
  27  2:38  Drone  
  28  2:48  Drone  
  29  2:55  Hatchery, Drone  
  29  2:56  Drone  
  30  2:59  Drone  
  31  3:08  Drone  
  31  3:11  Drone  
  33  3:17  Drone  
  34  3:20  Drone  
  34  3:22  Drone x3  
  38  3:28  Roach Warren  
  38  3:30  Extractor, Drone  
  37  3:36  Drone  
  37  3:37  Drone  
  37  3:40  Drone  
  40  3:43  Drone  
  40  3:46  Extractor  
  40  3:47  Extractor, Drone  
  40  3:48  Queen  
  42  4:00  Drone x3  
  45  4:03  Queen  
  47  4:12  Drone x6  
  53  4:24  Pneumatized Carapace  
  53  4:29  Drone x3  
  56  4:32  Drone x2  
  56  4:38  Overlord x4  
  58  4:42  Queen  
  54  5:10  Drone  
  54  5:11  Roach  
  54  5:12  Roach x6  
  68  5:18  Queen  
  68  5:23  Queen  
  70  5:28  Drone  
  70  5:29  Drone x6  
  70  5:31  Drone  
  78  5:41  Evolution Chamber  
  78  5:42  Roach  
  79  5:43  Roach  
  79  5:44  Roach  
  79  5:45  Evolution Chamber  
  82  5:54  Queen  
  82  5:56  Overlord x3  
  84  6:10  Drone x2  
  86  6:15  Drone  
  86  6:16  Drone x9  
  96  6:20  Extractor x2  
  96  6:23  Zerg Missile Weapons Level 1  
  96  6:24  Zerg Ground Armor Level 1  
  96  6:25  Lair  
  94  6:33  Ravager x6  
  94  6:34  Ravager  
  87  6:59  Hatchery  
  57  7:35  Hydralisk Den  
  50  7:43  Drone x3  
  53  7:44  Drone x3  
  53  7:50  Roach x14  
  53  7:51  Roach  
  86  8:02  Drone x3  
  89  8:06  Hydralisk x2  
  93  8:13  Hydralisk x4  
  93  8:15  Hydralisk  
  103  8:21  Hydralisk  
  103  8:22  Hydralisk x5  
  115  8:30  Drone x5  
  120  8:36  Overlord x2  
  120  8:42  Grooved Spines  
  120  8:45  Overlord  
  120  8:47  Overlord  
  120  9:00  Queen  
  122  9:10  Drone  
  122  9:11  Drone x5  
  122  9:12  Drone  
  122  9:14  Drone  
  122  9:17  Hydralisk  
  130  9:18  Hydralisk  
  130  9:21  Hydralisk  
  136  9:25  Hydralisk  
  136  9:28  Hydralisk  
  136  9:30  Hydralisk  
  124  9:46  Roach  
  124  9:47  Roach x8  
  136  10:05  Drone x10  
  136  10:06  Drone x3  
Show
View Real Time Build Order
Export as new Build Order

HoldTheDoor Protoss 

Build Orders: 1 Gate Expand, Oracle Opening 

Get SALT Encoding   

  12  0:00  Probe  
  13  0:12  Probe  
  14  0:18  Pylon  
  14  0:24  Probe  
  15  0:36  Probe  
  15  0:40  Gateway  
  16  0:45  Assimilator  
  16  0:46  Probe  
  17  0:54  Probe  
  17  1:04  Probe  
  18  1:26  Nexus  
  18  1:35  Cybernetics Core  
  18  1:39  Probe  
  19  1:45  Assimilator  
  19  1:51  Probe  
  20  1:55  Pylon  
  20  2:03  Probe  
  20  2:06  Warp Gate  
  21  2:13  Adept  
  21  2:15  Probe  
  24  2:27  Probe  
  25  2:39  Stargate  
  25  2:44  Zealot  
  27  2:46  Probe  
  27  2:47  Probe  
  29  2:53  Pylon  
  29  2:58  Probe  
  29  2:59  Probe  
  31  3:10  Probe  
  31  3:11  Probe  
  33  3:15  Assimilator  
  33  3:16  Zealot  
  33  3:18  Oracle  
  35  3:23  Probe  
  35  3:24  Probe  
  40  3:35  Probe  
  40  3:36  Probe  
  42  3:46  Pylon  
  42  3:48  Probe  
  43  3:50  Protoss Air Weapons Level 1  
  43  3:56  Probe, Pylon  
  43  3:57  Assimilator  
  43  3:59  Oracle  
  43  4:00  Probe  
  48  4:13  Probe x2  
  50  4:25  Probe x2  
  52  4:34  Stargate  
  52  5:19  Oracle  
  52  5:25  Oracle  
  58  5:30  Twilight Council  
  58  5:35  Zealot  
  60  5:38  Gateway  
  60  5:40  Pylon  
  60  5:42  Gateway  
  60  5:48  Probe x2  
  62  5:53  Pylon  
  62  5:56  Pylon  
  62  6:01  Gateway  
  62  6:02  Oracle  
  65  6:04  Pylon  
  65  6:07  Oracle  
  68  6:28  Zealot  
  70  6:33  Charge  
  70  6:39  Oracle  
  70  6:55  Zealot x3  
  60  7:29  Zealot x4  
  68  7:43  Oracle x2  
  74  7:51  Gateway  
  74  7:53  Gateway  
  74  7:55  Gateway  
  74  7:57  Gateway  
  74  7:58  Pylon  
  74  8:01  Pylon  
  74  8:03  Cybernetics Core  
  74  8:07  Pylon  
  74  8:08  Gateway  
  74  8:09  Gateway  
  74  8:12  Pylon  
  74  8:15  Zealot x4  
  74  8:17  Pylon  
  74  8:18  Nexus  
  74  8:19  Assimilator  
  82  8:20  Oracle x2  
  82  8:21  Assimilator  
  82  8:24  Pylon  
  82  8:25  Pylon  
  88  8:37  Zealot x2  
  88  8:38  Zealot x2  
  88  8:40  Pylon  
  96  8:58  Zealot x2  
  96  8:59  Zealot x6  
  112  9:12  Oracle x2  
  118  9:19  Zealot x3  
  118  9:20  Zealot x2  
  77  9:49  Zealot x5  
  77  9:50  Zealot x3  
  76  10:12  Zealot x4  
  76  10:13  Zealot x2  
  88  10:16  Probe x2  
  88  10:18  Probe  
  91  10:28  Probe  
  74  10:30  Zealot x3  
  64  10:40  Zealot  
  64  10:41  Zealot x2  
  50  10:43  Zealot  
Tags
 
Add a new tag
Caveats
  • Supply blocks, unpowered buildings, or Contaminate may cause inaccurate times.
  • Supply counts are checked every 10 seconds.